 Dungeon Crawl Stone Soup version 0.30-a0-122-g2a1322497e (webtiles) character file.

Game seed: 11609635152682479415

1671 Dreamer the Cudgeller (level 9, -13/69 HPs)
             Began as a Formicid Berserker on Sept 17, 2022.
             Was an Elder of Trog.
             Shot with an arrow by a centaur warrior (16 damage)
             ... on level 8 of the Dungeon.
             The game lasted 00:29:02 (7409 turns).

Dreamer the Cudgeller (Formicid Berserker)          Turns: 7409, Time: 00:29:02

Health: -13/69     AC: 13    Str: 32    XL:     9   Next: 21%
Magic:  9/9        EV:  8    Int:  7    God:    Trog [****..]
Gold:   337        SH:  0    Dex: 13    Spells: 8/8 levels left

rFire   . . .      SeeInvis +    x - +5 mace (vorpal)
rCold   . . .      Faith    .    (no shield)
rNeg    + . .      Spirit   .    r - +1 plate armour "Enogi" {Harm rN+}
rPois   .          Reflect  .    (helmet unavailable)
rElec   .          Harm     +    e - +0 cloak
rCorr   .          Rampage  .    (no gloves)
Will    .....                    (no boots)
Stlth   ..........               (no amulet)
HPRegen 0.21/turn                o - +6 ring of strength
MPRegen 0.11/turn                (no ring)

@: invisible
A: permanent stasis, dig shafts and tunnels, antennae 3, four strong arms
a: Dig, Shaft Self, Renounce Religion, Trog's Hand, Brothers in Arms


You were on level 8 of the Dungeon.
You worshipped Trog.
Trog was greatly pleased with you.
You visited 1 branch of the dungeon, and saw 7 of its levels.
You also visited: Sewer.

You collected 337 gold pieces.

Inventory:

Hand Weapons
 p - a +0 hand axe of freezing
 w - a +0 giant spiked club
 x - a +5 vorpal mace (weapon)
Missiles
 c - 6 poisoned darts (quivered)
 v - 7 stones
Armour
 d - a +0 chain mail
 e - a +0 cloak (worn)
 r - the +1 plate armour "Enogi" (worn) {Harm rN+}
   (You found it on level 4 of the Dungeon)

   rN:        It protects you from negative energy.
   Harm:      It increases damage dealt and taken.
Jewellery
 o - a +6 ring of strength (left hand)
Scrolls
 f - 2 scrolls of immolation {unknown}
 h - 3 scrolls of noise
 k - 4 scrolls of magic mapping {unknown}
 n - a scroll of teleportation {unknown}
 q - 2 scrolls of amnesia {unknown}
 t - 2 scrolls of identify
 u - 2 scrolls of poison {unknown}
Potions
 a - a potion of flight {unknown}
 i - 5 potions of curing
 j - a potion of mutation {unknown}
 l - 2 potions of lignification
 s - a potion of ambrosia {unknown}
 z - 2 potions of might {unknown}


   Skills:
 + Level 6.2 Fighting
 * Level 7.6 Maces & Flails
 * Level 6.8 Throwing
 - Level 2.4 Armour
 - Level 1.7 Dodging
 - Level 0.8 Shields


You had 8 spell levels left.
You didn't know any spells.
Your spell library was empty.

Dungeon Overview and Level Annotations

Branches:
Dungeon (6/15)              Sewer (visited)
 Temple: D:4-7

Altars:
Fedhas
Nemelex Xobeh
Ru
Uskayaw
The Shining One

Shops:
D:4 :

Annotations:
D:6 zx48k's ghost, novice FoFi


Innate Abilities, Weirdness & Mutations

You cannot be hasted, slowed, berserked, paralysed or teleported.
You can dig through walls and to a lower floor.
You have a pair of large antennae on your head. (SInv)
Your four strong arms can wield two-handed weapons with a shield.


Message History

Trog accepts your kill.
Your life force feels restored.
You start resting.
A centaur warrior comes into view.
Things that are here:
a +0 whip; a wyvern corpse You start resting.
HP restored.
Things that are here:
a +0 whip; a wyvern corpse
Things that are here:
a +0 whip; a wyvern corpse The centaur warrior shouts!
The centaur warrior wields a +0 shortbow.
The centaur warrior shoots an arrow.
The arrow completely misses you.
The centaur warrior shoots an arrow.
The arrow closely misses you.
You throw an atropa-tipped dart.
The atropa-tipped dart hits the centaur warrior!
The centaur warrior resists.
The centaur warrior shoots an arrow.
The arrow hits you!
You throw an atropa-tipped dart.
The atropa-tipped dart barely misses the centaur warrior.
You throw an atropa-tipped dart.
The atropa-tipped dart hits the centaur warrior!
The centaur warrior resists.
The centaur warrior shoots an arrow.
The arrow hits you!
You throw an atropa-tipped dart.
The atropa-tipped dart hits the centaur warrior!
The centaur warrior resists.
The centaur warrior shoots an arrow.
The arrow hits you!
You throw an atropa-tipped dart.
The atropa-tipped dart barely misses the centaur warrior.
The centaur warrior shoots an arrow.
The arrow hits you!
You fade into invisibility!
The centaur warrior shoots an arrow.
The arrow hits you!
* * * LOW HITPOINT WARNING * * *
The centaur warrior shoots an arrow.
The arrow hits you.
* * * LOW HITPOINT WARNING * * *
The centaur warrior shoots an arrow.
The arrow hits you!
You die...

##......###...
............###.
.((.... ......
#...# #....#
#...##)....#
###...#.# .?
##....()## ...
#...#.c## ..#
#...#.@###...#
##..##.......##
#..###.........
##..#..........
#.............
##.#..........
###..........
#..........
##.........


You could see a centaur warrior (unable to see you).

Vanquished Creatures
  A wyvern (D:8)
  Eustachio (D:6)
  4 ogres
  2 bullfrogs (Sewer)
  A necrophage (D:6)
  2 wights (D:6)
  3 killer bees (D:8)
  A jelly (D:5)
  2 hounds
  Jessica (D:2)
  2 iguanas (D:5)
  Natasha (thrice) (D:2)
  2 orc wizards
  Robin (D:4)
  4 gnolls (D:8)
  12 adders
  A shadow imp (D:6)
  A worm (D:2)
  2 dart slugs
  15 orcs
  13 ball pythons
  8 bats
  16 endoplasms
  11 giant cockroaches
  16 goblins
  12 hobgoblins
  14 quokkas
  15 frilled lizards
  6 kobolds
  4 rats
176 creatures vanquished.

Vanquished Creatures (others)
  2 fungi (D:1)
  8 plants
10 creatures vanquished.

Grand Total: 186 creatures vanquished

Notes
Turn   | Place    | Note
-------+----------+-------------------------------------------
     0 | D:1      | Dreamer the Formicid Berserker began the quest for the Orb.
     0 | D:1      | Reached XP level 1. HP: 18/18 MP: 1/1
   368 | D:1      | Reached XP level 2. HP: 24/24 MP: 2/2
   608 | D:1      | Reached skill level 1 in Throwing
   689 | D:1      | Reached XP level 3. HP: 29/29 MP: 3/3
  1011 | D:1      | Found a faded altar of an unknown god.
  1390 | D:2      | Reached XP level 4. HP: 33/35 MP: 4/4
  1433 | D:2      | Noticed Jessica
  1452 | D:2      | Killed Jessica
  1832 | D:2      | Reached skill level 4 in Maces & Flails
  1912 | D:2      | Reached XP level 5. HP: 38/42 MP: 5/5
  1912 | D:2      | Reached ** piety under Trog
  2110 | D:2      | Noticed Natasha
  2126 | D:2      | Killed Natasha
  2191 | D:2      | Found a sparkling altar of Nemelex Xobeh.
  2332 | D:2      | Noticed Natasha
  2345 | D:2      | Killed Natasha
  2730 | D:2      | Noticed Natasha
  2749 | D:2      | Killed Natasha
  2980 | D:3      | Found a sacrificial altar of Ru.
  3000 | D:3      | Reached XP level 6. HP: 48/48 MP: 6/6
  3491 | D:3      | Found a sparkling altar of Nemelex Xobeh.
  4162 | D:4      | Identified the +1 plate armour "Enogi" {Harm rN+}
  4300 | D:4      | Found Vido's Book Shop.
  4323 | D:4      | Noticed Robin
  4472 | D:4      | Noticed an ogre
  4480 | D:4      | Killed an ogre
  4481 | D:4      | Reached skill level 5 in Maces & Flails
  4481 | D:4      | Reached XP level 7. HP: 55/55 MP: 7/7
  4516 | D:4      | Identified the +8 glaive "Koxucu" {venom, *Rage Dex+5}
  4624 | D:4      | Killed Robin
  4649 | D:5      | Entered Level 5 of the Dungeon
  4942 | D:5      | Reached *** piety under Trog
  4958 | D:5      | Found a glowing drain.
  4967 | Sewer    | Entered a sewer
  5626 | Sewer    | Reached skill level 5 in Fighting
  5695 | Sewer    | Reached XP level 8. HP: 51/62 MP: 8/8
  5883 | D:5      | Found a blossoming altar of Fedhas.
  5898 | D:5      | Reached **** piety under Trog
  5901 | D:5      | Reached skill level 5 in Throwing
  5929 | D:5      | Reached skill level 6 in Maces & Flails
  6540 | D:4      | Found a hide-covered altar of Uskayaw.
  7055 | D:6      | Identified the +3 leather armour "Laeturio" {+Inv rF+
                  | Str+3}
  7056 | D:6      | Found a glowing golden altar of the Shining One.
  7077 | D:6      | Noticed Eustachio
  7089 | D:6      | Killed Eustachio
  7166 | D:6      | Reached skill level 7 in Maces & Flails
  7195 | D:6      | Noticed zx48k's ghost (novice FoFi)
  7198 | D:6      | You fall into a shaft and drop 2 floors!
  7217 | D:8      | Reached XP level 9. HP: 61/62 MP: 9/9
  7293 | D:8      | Noticed a centaur warrior
  7408 | D:8      | HP: 3/69 [centaur warrior/arrow (6)]
  7409 | D:8      | Shot with an arrow by a centaur warrior

Illustrated notes

Levels and vault maps discovered:
D:1:      dpeg_arrival_tiny_k, layout_loops_cross,
          shapermc_ecumenical_altar_mp_urbaneastern,
          chequers_serial_rivers_room_a, corexii_item_surrounded_by_moat,
          minmay_splitting_lines
D:2:      layout_rooms, basic_altar, minivault_11, uniq_natasha, uniq_jessica
D:3:      layout_basic, nemelex_diamond_rough_becter,
          nicolae_ru_great_annihilating_truth, kennysheep_nondescript,
          kennysheep_generic_room_7
D:4:      kennysheep_six_static_rooms, layout_basic,
          eat_drink_and_be_merry_uskayaw, serial_shops, shop, serial_bayou,
          serial_bayou_crossing, serial_bayou_pond_d, serial_bayou_shore_b,
          serial_bayou_pond_e, uniq_robin
D:5:      layout_basic, fedhas_altar_1, portal_sewer_entry_d,
          chequers_serial_rivers_small_b
D:6:      layout_loops_ring, mainiacjoe_overflow_alcove_4,
          gammafunk_ghost_split, nrook_campfire, uniq_pikel, uniq_eustachio
D:8:      layout_cave_pools, uniq_maurice

Skill      XL: |  1  2  3  4  5  6  7  8  9 |
---------------+----------------------------+-----
Throwing       | 1 2 3 4 6 |  6.8
Maces & Flails | 4 5 7 |  7.6
Fighting       | 4 5 6 |  6.2
Armour         | |  2.4
Dodging        | |  1.7
Shields        | |  0.8

Action                   |  1- 3 |  4- 6 |  7- 9 || total
-------------------------+-------+-------+-------++-------
Melee: Mace              |    62 |   160 |    52 ||   274
       Punch             |     1 |     3 |       ||     4
       Hand axe          |       |    29 |       ||    29
       Giant club        |       |       |   205 ||   205
       Giant spiked club |       |       |    19 ||    19
Throw: Stone             |       |     5 |     8 ||    13
       Dart              |       |     9 |    11 ||    20
       Javelin           |       |       |    16 ||    16
 Abil: Dig               |       |       |     2 ||     2
       Shaft Self        |       |       |     1 ||     1
  Use: Scroll            |       |       |     5 ||     5
       Potion            |       |       |     1 ||     1
 Stab: Paralysed         |       |     1 |       ||     1
Armor: Ring mail         |     2 |       |       ||     2
       Chain mail        |    33 |    78 |       ||   111
       Plate armour      |       |    12 |   205 ||   217
Dodge: Dodged            |    32 |    71 |   158 ||   261

Table legend: (Time is in decaauts)
 A = Elapsed time spent in this place.
 B = Non-inter-level travel time spent in this place.
 C = Inter-level travel time spent in this place.
 D = Time resting spent in this place.
 E = Time spent auto-exploring this place.
 F = Levels seen in this place.
 G = Mean time per level.
                   A        B        C        D        E       F      G
               +--------+--------+--------+--------+--------+-----+--------+
         Total |   7640 |   7455 |    185 |   1800 |   2991 |   8 |  955.0 |
       Dungeon |   6678 |   6493 |    185 |   1418 |   2949 |   7 |  954.0 |
         Sewer |    962 |    962 |      0 |    382 |     42 |   1 |  962.0 |
               +--------+--------+--------+--------+--------+-----+--------+

Top non-repeatable levels by time:
     D:2: 1646 daAuts
     D:1: 1343 daAuts
     D:5: 1192 daAuts
     D:3: 1186 daAuts
   Sewer: 962 daAuts
     D:4: 924 daAuts
     D:8: 210 daAuts
     D:6: 173 daAuts
